 Dungeon Crawl Stone Soup version 0.31.0-12-g77e489cdc1 (webtiles) character file.

Game seed: 15645211928904721205

1812389 James the End of an Era (level 27, 233/233 HPs)
             Began as a Demonspawn Gladiator on Feb 17, 2024.
             Was the Champion of Qazlal.
             Escaped with the Orb
             ... and 3 runes!
             The game lasted 03:21:12 (61446 turns).

James the End of an Era (Demonspawn Gladiator)     Turns: 61446, Time: 03:21:13

Health: 233/233    AC: 43    Str: 31    XL:     27
Magic:  35/35      EV: 21    Int: 18    God:    Qazlal [******]
Gold:   3955       SH: 29    Dex: 20    Spells: 26/26 levels left

rFire   + + .        b - +8 broad axe (heavy)
rCold   + . .        q - +5 kite shield {reflect}
rNeg    + . .        h - +10 storm dragon scales {Bai Suzhen}
rPois   +            c - +0 mask of the Dragon {Will+ Slay+3 SInv}
rElec   +            X - +2 cloak {rCorr}
rCorr   +            (gloves unavailable)
SInv    +            O - +2 pair of boots
Will    +++..        E - amulet of Taddaqa {Acrobat rPois Regen+ Dex+4} Stlth
                     P - +6 ring of strength
HPRegen 1.38/turn    Q - ring of Sovereignty {rF+ rC+ rN+ Int+3}
MPRegen 0.24/turn

%: repel missiles, reflection, acrobat
@: studying 2 skills
A: claws 3, slimy green scales 3, ignite blood 3, spiny 3, corrupting presence
2, word of chaos, clever 1, deterioration 1, fire resistance 1, low MP 1,
screaming 1, strong 1
0: Orb of Zot
}: 3/15 runes: serpentine, barnacled, silver
a: Word of Chaos, Renounce Religion, Upheaval, Elemental Force, Disaster Area


You escaped.
You worshipped Qazlal.
Qazlal was exalted by your worship.
You visited 11 branches of the dungeon, and saw 51 of its levels.
You also visited: Gauntlet and Wizlab.

You collected 7047 gold pieces.
You spent 3092 gold pieces at shops.

Inventory:

Hand Weapons
 a - a +9 broad axe of flaming
   (You acquired it on level 3 of the Vaults)
 b - a +8 heavy broad axe (weapon)
   (You took it off a green draconian on level 2 of the Realm of Zot)
 t - a +3 heavy demon trident
   (You took it off a hell knight on level 3 of the Depths)
 x - a +1 heavy hand cannon
   (You took it off a yaktaur captain on level 2 of the Vaults)
Missiles
 g - 9 throwing nets {!f}
 n - a curare-tipped dart {!f}
 C - 14 atropa-tipped darts
 G - 15 silver javelins
Armour
 c - the +0 mask of the Dragon (worn) {Will+ Slay+3 SInv}
   (You found it in a Gauntlet)

   Slay+3:    It affects your accuracy & damage with ranged weapons and melee
   (+3).
   Will+:     It increases your willpower.
   SInv:      It lets you see invisible.
 h - +10 storm dragon scales (worn) {Bai Suzhen}
   (You found it on level 1 of the Crypt)
 q - a +5 kite shield of reflection (worn)
   (You took it off a tengu warrior on level 9 of the Dungeon)
 w - +0 gold dragon scales
   (You found it on level 2 of the Realm of Zot)
 O - a +2 pair of boots (worn)
   (You found it on level 2 of the Lair of Beasts)
 T - a +0 crystal plate armour
   (You found it on level 3 of the Crypt)
 X - a +2 cloak of preservation (worn)
   (You found it in a Gauntlet)
Jewellery
 e - the ring "Cyhuf" {rN+ Will+}
   (You found it in a Gauntlet)

   [ring of willpower]

   rN+:       It protects you from negative energy.
   Will+:     It increases your willpower.
 o - the ring "Rekar" {Ice Str+4}
   (You took it off Josephina on level 2 of the Crypt)

   [ring of ice]

   Ice:       It enhances your ice magic.
   Str+4:     It affects your strength (+4).
   rF-:       It makes you vulnerable to fire.
   rC+:       It protects you from cold.
 E - the amulet of Taddaqa (around neck) {Acrobat rPois Regen+ Dex+4}
   (You found it on level 5 of the Lair of Beasts)

   [amulet of the acrobat]

   Acrobat:   It increases your evasion while moving and waiting.
   Dex+4:     It affects your dexterity (+4).
   rPois:     It protects you from poison Regen+: It increases your rate of
   health regeneration.
 F - a +4 ring of slaying
   (You found it on level 3 of the Dungeon)
 P - a +6 ring of strength (left claw)
   (You found it on level 9 of the Dungeon)
 Q - the ring of Sovereignty (right claw) {rF+ rC+ rN+ Int+3}
   (You took it off a minotaur in a Gauntlet)

   [ring of protection from fire]

   Int+3:     It affects your intelligence (+3).
   rF+:       It protects you from fire.
   rC+:       It protects you from cold.
   rN+:       It protects you from negative energy.
 Z - a ring of flight
   (You found it on level 10 of the Dungeon)
Wands
 d - a wand of iceblast (70)
   (You found it on level 6 of the Dungeon)
 i - a wand of polymorph (26)
   (You found it on level 9 of the Dungeon)
 m - a wand of light (19)
   (You found it on level 2 of the Shoals)
 u - a wand of paralysis (48)
   (You took it off Maurice on level 10 of the Dungeon)
 v - a wand of digging (21)
   (You found it on level 9 of the Dungeon)
Scrolls
 f - 27 scrolls of teleportation {@r4}
 j - 4 scrolls of brand weapon
 l - 12 scrolls of blinking
 H - 10 scrolls of immolation {!r}
 I - 3 scrolls of revelation
 M - 3 scrolls of summoning
 N - 3 scrolls of fear
 R - 5 scrolls of fog
 V - 2 scrolls of silence
Potions
 k - 4 potions of cancellation
 p - 4 potions of haste {@q3}
 r - 12 potions of might
 y - 7 potions of enlightenment
 z - 14 potions of ambrosia
 A - 6 potions of heal wounds {@q2}
 D - 8 potions of brilliance
 K - 5 potions of resistance
 L - 6 potions of mutation {!q}
 S - 13 potions of curing {@q1}
 U - 5 potions of berserk rage
 Y - 5 potions of invisibility
Miscellaneous
 s - a phial of floods
   (You found it on level 15 of the Dungeon)
 J - a phantom mirror
   (You found it in a wizard's laboratory)
 W - a box of beasts
   (You found it in a wizard's laboratory)


   Skills:
 - Level 22.7 Fighting
 - Level 5.0 Long Blades
 - Level 20.0 Axes
 - Level 2.0 Throwing
 + Level 24.2 Armour
 + Level 18.9 Dodging
 - Level 18.0 Shields
 - Level 25.0 Invocations


You had 26 spell levels left.
You didn't know any spells.
Your spell library contained the following spells:

 Spells                   Type           Power      Damage    Failure   Level
 Apportation              Tloc           0%         N/A       52%         1
 Foxfire                  Conj/Fire      0%         2x1d4     52%         1
 Freeze                   Ice            0%         1d3       52%         1
 Magic Dart               Conj           0%         1d3       52%         1
 Necrotise                Necr           0%         1d4       52%         1
 Sandblast                Erth           0%         2d4       52%         1
 Shock                    Conj/Air       0%         1d3       52%         1
 Slow                     Hex            0%         N/A       52%         1
 Sting                    Conj/Alch      0%         1d3       52%         1
 Summon Small Mammal      Summ           0%         N/A       52%         1
 Blink                    Tloc           0%         N/A       67%         2
 Call Imp                 Summ           0%         N/A       67%         2
 Cigotuvi's Dreadful Rot  Necr/Alch/Air  0%         N/A       67%         2
 Ensorcelled Hibernation  Hex/Ice        0%         N/A       67%         2
 Jinxbite                 Hex            0%         N/A       67%         2
 Lesser Beckoning         Tloc           0%         N/A       67%         2
 Static Discharge         Conj/Air       0%         3-3/arc   67%         2
 Sublimation of Blood     Necr           0%         N/A       67%         2
 Call Canine Familiar     Summ           0%         N/A       88%         3
 Confusing Touch          Hex            0%         N/A       88%         3
 Frozen Ramparts          Ice            0%         1d1       88%         3
 Fugue of the Fallen      Necr           0%         N/A       88%         3
 Gell's Gravitas          Tloc           0%         N/A       88%         3
 Hailstorm                Conj/Ice       0%         3d5       88%         3
 Inner Flame              Hex/Fire       0%         N/A       88%         3
 Ozocubu's Armour         Ice            0%         N/A       88%         3
 Passwall                 Erth           0%         N/A       88%         3
 Sigil of Binding         Hex            0%         N/A       88%         3
 Stone Arrow              Conj/Erth      0%         3d7       88%         3
 Summon Ice Beast         Ice/Summ       0%         N/A       88%         3
 Teleport Other           Tloc           0%         N/A       88%         3
 Vampiric Draining        Necr           0%         2d6       88%         3
 Airstrike                Air            0%         2d(0-16)  99%         4
 Anguish                  Hex/Necr       0%         N/A       99%         4
 Animate Armour           Summ/Erth      0%         N/A       99%         4
 Brom's Barrelling Bould  Conj/Erth      0%         2d3       99%         4
 Cause Fear               Hex            0%         N/A       99%         4
 Dimensional Bullseye     Hex/Tloc       0%         N/A       99%         4
 Flame Wave               Conj/Fire      0%         2d4       99%         4
 Ignite Poison            Fire/Alch      0%         N/A       99%         4
 Iskenderun's Mystic Bla  Conj/Tloc      0%         2d3       99%         4
 Leda's Liquefaction      Alch/Erth      0%         N/A       99%         4
 Manifold Assault         Tloc           0%         N/A       99%         4
 Passage of Golubria      Tloc           0%         N/A       99%         4
 Petrify                  Alch/Erth      0%         N/A       99%         4
 Summon Lightning Spire   Summ/Air       0%         N/A       99%         4
 Borgnjor's Vile Clutch   Necr/Erth      0%         N/A       100%        5
 Curse of Agony           Necr           0%         N/A       100%        5
 Fireball                 Conj/Fire      0%         3d3       100%        5
 Freezing Cloud           Conj/Ice/Air   0%         6-21      100%        5
 Irradiate                Conj/Alch      0%         3d11      100%        5
 Lee's Rapid Deconstruct  Erth           0%         3d4*      100%        5
 Metabolic Englaciation   Hex/Ice        0%         N/A       100%        5
 Silence                  Hex/Air        0%         N/A       100%        5
 Summon Mana Viper        Hex/Summ       0%         N/A       100%        5
 Yara's Violent Unravell  Hex/Alch       0%         3d3       100%        5
 Bombard                  Conj/Erth      0%         9d1       100%        6
 Death Channel            Necr           0%         N/A       100%        6
 Dispersal                Tloc           0%         N/A       100%        6
 Plasma Beam              Fire/Air       0%         2x1d10    100%        6
 Sculpt Simulacrum        Ice/Alch       0%         N/A       100%        6
 Monstrous Menagerie      Summ           0%         N/A       100%        7
 Ozocubu's Refrigeration  Ice            0%         4d7       100%        7
 Spellforged Servitor     Conj/Summ      0%         N/A       100%        7
 Discord                  Hex            0%         N/A       100%        8
 Disjunction              Tloc           0%         N/A       100%        8
 Ignition                 Fire           0%         3d3       100%        8
 Lehudib's Crystal Spear  Conj/Erth      0%         10d2      100%        8
 Death's Door             Necr           0%         N/A       100%        9
 Dragon's Call            Summ           0%         N/A       100%        9
 Polar Vortex             Ice            0%         N/A       100%        9


Dungeon Overview and Level Annotations

Branches:
Dungeon (15/15)            Temple (1/1) D:6            Lair (5/5) D:11
 Shoals (4/4) Lair:3        Snake (4/4) Lair:3        Slime (0/5) Lair:4
    Orc (2/2) D:11            Elf (3/3) Orc:2        Vaults (5/5) D:14
  Crypt (3/3) Vaults:3       Tomb (0/3) Crypt:3      Depths (4/4) D:15
    Zot (5/5) Depths:4     WizLab (visited)         Gauntlet (visited)

Altars:
Ashenzari
Cheibriados
Dithmenos
Fedhas
Gozag
Hepliaklqana
Kikubaaqudgha
Makhleb
Nemelex Xobeh
Okawaru
Qazlal
Ru
Sif Muna
Trog
Uskayaw
Vehumet
Wu Jian
Xom
Yredelemnul

Shops:
Orc:2 ![:?   Elf:1 (*([   Elf:2 =   Elf:3 (:   Shoals:3 *   Snake:3 :([!?[(
Vaults:1 ?   Vaults:2 *   Vaults:3 ?   Vaults:4 =   Depths:2 :   Depths:3 =(:=*
Depths:4 *

Portals:
Hell: Depths:1 Depths:2 Depths:3 Depths:4
Abyss: Depths:2 Depths:3
Pandemonium: Depths:1 Depths:2
Ziggurat: Depths:4
Trove: D:10 (give horn of Geryon)

Annotations:
D:11 1 runed translucent door, mrks's ghost, journeyman VSFi
Elf:3 3 runed translucent doors, exclusion: 3 doors
Depths:4 exclusions: hell hog and 2 hell knights
Zot:4 4 transporters


Innate Abilities, Weirdness & Mutations

You have claws for hands.
You are completely covered in slimy green scales. (AC +4, rPois)
Your demonic aura causes all spilled blood to erupt in flames.
You are completely covered in sharp spines.
Your presence sometimes corrodes or deforms those you injure.
You can speak a Word of Chaos.
Your mind is acute. (Int +4, Str/Dex -1)
Your body sometimes deteriorates upon taking damage.
Your flesh is heat resistant. (rF+)
Your magical capacity is low. (-10% MP)
You occasionally shout uncontrollably at your foes.
Your muscles are strong. (Str +4, Int/Dex -1)


Message History

You hit the Tzitzimitl. The Tzitzimitl barely misses you.
You block the Tzitzimitl's attack.
You slice the Tzitzimitl!! You block the Tzitzimitl's attack. x2
You slice the Tzitzimitl like a ripe choko!!!
You kill the Tzitzimitl!
Qazlal accepts your kill.
You open the door.
There is an open door here.
What level of the Dungeon? (default 1, ? - help)
You hear a roar!
There is an escape hatch in the ceiling here.
A mysterious force pulls you upwards. The hatch slams shut behind you.
What level of the Dungeon? (default 1, ? - help)
A large abomination comes into view.
An Executioner comes into view.
The large abomination moves out of view.
A large abomination comes into view.
The Executioner hits you but does no damage.
You block the Executioner's attack. x2
You carve the Executioner like a ham!!!
The Executioner gestures.
The Executioner seems to speed up.
You block the Executioner's attack. x3
You chop the Executioner into pieces!!!
You kill the Executioner!
Qazlal accepts your kill.
The large abomination is engulfed in freezing vapours.
You slice the large abomination!!
The large abomination is struck by your spines.
You destroy the large abomination!
Qazlal accepts your kill.
The large abomination is engulfed in freezing vapours.
You slice the large abomination!!
You block the large abomination's attack.
You open the large abomination like a pillowcase!!!
You destroy the large abomination!
Qazlal accepts your kill.
What level of the Dungeon? (default 1, ? - help)
There is a stone staircase leading up here.
You climb upwards.
There is a stone staircase leading down here.
There is a stone staircase leading up here.
You climb upwards.
There is a stone staircase leading down here.
There is a stone staircase leading up here.
You climb upwards.
There is a stone staircase leading down here.
You see here a +0 club.
There is a staircase leading out of the dungeon here.
Unknown command.
You have escaped!

##.># ###
##..## ###
#...##
♣....♣
..#..###
♣♣.♣♣♣
.###...#
♣.♣.♣
..#..#.#
♣..♣♣
#...##.#
♣♣...♣
#######
##.†##.#
♣♣.♣♣♣♣
#.....#
#..##.###
♣♣...♣
#####.#
##.......#
♣.°@.♣ #.#
#..†.#.###
♣♣...♣ #.#
##.#.#.#
♣..♣♣
#.###
###...#
♣♣.♣♣♣
#....
#..###
♣..♣.♣
#####
#....#
♣♣..♣♣
#..####
♣.♣..♣
#.....#
♣..♣.♣
#.....#
♣♣♣.♣♣


There were no monsters in sight!

Vanquished Creatures
  6 dread liches
  Frederick (Depths:4)
  2 orbs of fire (Zot:5)
  5 ancient liches
  Xtahua (Crypt:2)
  Josephina (Crypt:2)
  Bai Suzhen (Crypt:1)
  Margery (Crypt:3)
  Saint Roka (Depths:1)
  7 Killer Klowns
  5 curse toes
  5 caustic shrikes (Depths:4)
  11 golden dragons
  Jory (Depths:3)
  the Enchantress (Depths:3)
  4 electric golems
  3 Tzitzimimeh
  15 tentacled monstrosities
  4 bone dragons
  3 doom hounds (Depths:2)
  Rupert (D:12)
  6 titans
  A moon troll (WizLab)
  Zenata (Crypt:3)
  3 liches
  5 quicksilver dragons
  26 Orb Guardians
  3 deep elf blademasters
  Asterion (Depths:1)
  Grunn (Depths:2)
  A deep elf master archer (Elf:3)
  10 death cobs
  7 sphinxes
  A searing wretch (Crypt:3)
  2 krakens
  4 Executioners
  12 shadow dragons
  5 ancient champions
  9 tentacled starspawn (WizLab)
  Aizul (Snake:2)
  5 draconian knights
  2 tengu reavers
  6 draconian monks
  17 storm dragons
  7 nagarajas (Snake:4)
  Donald (Crypt:2)
  4 protean progenitors
  8 fire giants
  2 revenants
  2 ghost moths
  3 deep elf sorcerers
  4 deep elf elementalists (Elf:3)
  7 draconian shifters
  7 frost giants
  11 draconian scorchers
  3 balrugs
  2 cacodemons (WizLab)
  9 vault wardens
  7 ghouls
  A caustic shrike zombie (Depths:3)
  A curse skull (Crypt:2)
  3 draconian stormcallers
  3 spriggan defenders (Depths:3)
  3 orc warlords
  5 draconian annihilators
  2 formless jellyfish (Vaults:3)
  2 reapers
  19 ironbound preservers
  2 caustic shrike skeletons
  22 stone giants
  A juggernaut skeleton (Depths:3)
  33 very ugly things
  13 ironbound thunderhulks
  9 deep elf death magi
  A putrid mouth (Depths:2)
  5 deep elf demonologists (Elf:3)
  9 deep elf annihilators
  7 vampire knights
  A lorocyproca (Depths:1)
  8 white draconians
  23 green draconians
  8 yellow draconians
  15 black draconians
  13 red draconians
  3 minotaurs
  A bunyip (shapeshifter) (Vaults:5)
  12 spark wasps
  14 ettins
  13 purple draconians
  16 dire elephants
  2 merfolk javelineers
  A spectral quicksilver dragon (Depths:3)
  4 merfolk impalers (Shoals:4)
  A spectral golden dragon (Depths:3)
  5 crystal guardians
  8 eidola
  21 jiangshi
  11 fire dragons
  8 deep elf high priests
  2 quicksilver dragon skeletons (Depths:3)
  12 yaktaur captains
  4 spriggan zombies
  3 entropy weavers
  12 great orbs of eyes
  28 vault guards
  A spectral tengu (Depths:3)
  4 hydras
  2 merfolk avatars (Shoals:4)
  6 ice dragons
  A juggernaut simulacrum (Crypt:2)
  2 peacekeepers
  5 spriggan air magi
  11 anacondas
  7 two-headed ogres
  5 catoblepae
  Erica (Lair:2)
  5 merfolk aquamancers
  26 centaur warriors
  An ogre mage (D:14)
  8 ironbound frosthearts
  15 satyrs (Shoals:4)
  8 boulder beetles
  3 death yaks (Lair:5)
  2 death knights
  22 dancing weapons
  2 two-headed ogres (shapeshifter) (Vaults:5)
  A sphinx skeleton (Depths:3)
  An Orb Guardian skeleton (Crypt:1)
  6 tengu warriors
  A spectral storm dragon (Depths:3)
  8 naga warriors
  6 shock serpents
  Urug (Lair:5)
  7 deep troll shamans
  A titan zombie (Depths:3)
  19 naga sharpshooters
  10 vampire magi
  12 deep troll earth magi
  2 orc high priests
  7 spriggan berserkers
  8 soul eaters
  18 deep elf knights
  7 hell knights
  2 wretched stars
  2 storm dragon zombies
  A titan skeleton (Depths:3)
  5 sun demons (Depths:4)
  A golden dragon zombie (Depths:3)
  5 skysharks
  9 iron trolls
  2 sixfirhies (Depths:1)
  5 salamander mystics
  A skyshark (shapeshifter) (Vaults:4)
  A storm dragon skeleton (Depths:2)
  An iron giant zombie (Crypt:3)
  3 shadow wraiths (Crypt:3)
  9 sea snakes
  25 skeletal warriors
  4 deep trolls (shapeshifter)
  A quicksilver dragon simulacrum (Vaults:5)
  5 mana vipers
  An orange crystal statue (WizLab)
  9 phantasmal warriors
  3 bog bodies
  63 deep trolls
  10 glowing orange brains
  2 large abominations (D:4)
  8 arcanists
  21 deep elf pyromancers
  10 naga ritualists
  7 lindwurms
  6 flayed ghosts
  A bunyip skeleton (Crypt:3)
  A tengu zombie (Depths:2)
  20 ironbound convokers
  10 deep elf archers
  An elf zombie (Vaults:5)
  12 necromancers
  25 orc knights
  A fire giant zombie (Vaults:4)
  19 harpies
  A cyclops (shapeshifter) (Vaults:5)
  20 deep elf zephyrmancers
  A spectral iron dragon (Depths:3)
  An elf skeleton (Vaults:5)
  A shining eye (shapeshifter) (Vaults:4)
  7 cyclopes
  An iron dragon zombie (Crypt:1)
  18 manticores
  15 fauns
  A shadow dragon zombie (Crypt:2)
  2 shadow dragon skeletons
  4 orc sorcerers
  2 tengu skeletons (Depths:3)
  45 ugly things
  16 salamanders
  A manticore (shapeshifter) (Vaults:5)
  22 moths of wrath
  Joseph (D:7)
  Maurice (D:10)
  11 elephants (Lair:5)
  3 meliai (D:15)
  A moth of wrath (shapeshifter) (Depths:3)
  5 kobold blastminers
  A frost giant skeleton (Depths:2)
  2 rust devils
  41 black mambas
  An elephant (shapeshifter) (Vaults:5)
  9 merfolk sirens
  3 guardian serpents (Snake:4)
  4 water nymphs
  An eye of devastation (WizLab)
  2 gargoyles
  An eye of devastation (shapeshifter) (Vaults:4)
  A titan simulacrum (Crypt:2)
  A centaur skeleton (Crypt:3)
  21 vault sentinels
  A molten gargoyle (Gauntlet)
  10 apocalypse crabs (Zot:3)
  A dire elephant skeleton (Crypt:3)
  23 naga magi
  An iron dragon skeleton (Crypt:1)
  An orange demon (Depths:4)
  17 cane toads
  4 smoke demons
  A hellion (Zot:1)
  An efreet (D:15)
  A pale draconian zombie (Crypt:2)
  6 komodo dragons
  A swamp worm zombie (Crypt:1)
  2 unseen horrors
  2 kobold demonologists (D:11)
  27 yaktaurs
  2 rime drakes (Lair:3)
  A golden dragon simulacrum (Vaults:4)
  9 freezing wraiths
  3 guardian mummies
  3 red devils
  5 tormentors
  2 tengu conjurers
  A polar bear (Lair:4)
  A queen bee (D:10)
  7 trolls
  A troll (shapeshifter) (D:14)
  15 merfolk
  A hornet (shapeshifter) (D:14)
  Grinder (D:5)
  2 glass eyes (shapeshifter)
  5 wind drakes
  5 hornets
  7 saltlings (Orc:2)
  16 blink frogs
  A tarantella zombie (Crypt:1)
  2 glass eyes (Elf:1)
  4 snapping turtles
  17 slime creatures
  A harpy skeleton (Crypt:1)
  13 dream sheep
  An iron dragon simulacrum (Depths:3)
  A snapping turtle (shapeshifter) (Vaults:4)
  2 centaur simulacra (D:14)
  2 air elementals
  5 shadows
  A slime creature (shapeshifter) (Vaults:4)
  6 spriggans
  6 wraiths
  A ynoxinul (D:6)
  5 fire elementals
  14 yaks
  A hog (shapeshifter) (D:14)
  5 wyverns
  A vampire (D:9)
  13 water elementals
  3 basilisks
  6 wargs
  A human (shapeshifter) (Elf:2)
  3 redbacks
  An elf simulacrum (Vaults:5)
  3 neqoxecs (Gauntlet)
  2 steam dragons (D:8)
  48 nagas
  A fire bat zombie (Crypt:3)
  13 vampire mosquitoes
  A chaos spawn (Gauntlet)
  2 acid dragons
  A faun zombie (Crypt:3)
  Edmund (D:5)
  An acid dragon (shapeshifter) (Elf:2)
  2 harpy simulacra (Crypt:2)
  A cane toad zombie (Crypt:1)
  2 glowing shapeshifter skeletons
  2 hell hounds (Gauntlet)
  A water nymph skeleton (Crypt:1)
  2 entropy weaver zombies (Vaults:4)
  22 water moccasins
  A water moccasin (shapeshifter) (Elf:3)
  A lindwurm zombie (Crypt:3)
  21 orc warriors
  A sky beast (D:6)
  20 laughing skulls
  5 ogres
  3 black bears (Lair:5)
  22 wolves
  17 centaurs
  A manticore zombie (Crypt:3)
  A snapping turtle skeleton (Crypt:1)
  A crocodile (shapeshifter) (Depths:2)
  A blink frog skeleton (Crypt:2)
  A phantom (D:4)
  A vine stalker zombie (Crypt:3)
  A kobold brigand (D:9)
  Blork the orc (D:5)
  15 bullfrogs
  A glowing shapeshifter simulacrum (Depths:3)
  4 gnoll sergeants
  A naga simulacrum (Crypt:2)
  A necrophage (Crypt:1)
  3 scorpions
  A warg skeleton (Crypt:3)
  A shapeshifter zombie (Crypt:2)
  A hornet simulacrum (D:14)
  37 killer bees
  A polar bear skeleton (Crypt:2)
  A raiju skeleton (Crypt:2)
  An electric eel (Elf:3)
  7 howler monkeys
  2 crimson imps (Gauntlet)
  2 gnoll boudas
  3 hounds
  2 jellies
  11 orc priests
  14 human skeletons
  A sleepcap (D:5)
  9 starcursed masses (WizLab)
  Jessica (D:2)
  4 iguanas
  16 orc wizards
  7 hell rats (Lair:5)
  18 mummies
  5 adders
  28 gnolls
  2 white imps (D:8)
  4 ufetubi
  2 ribbon worms
  10 dart slugs
  63 orcs
  13 ball pythons
  6 bats
  7 endoplasms
  5 giant cockroaches
  8 goblins
  4 hobgoblins
  8 jackals
  13 kobolds
  3 quokkas
  8 frilled lizards
  A jackal skeleton (Crypt:2)
  A quokka skeleton (Crypt:2)
  7 rats
  2 spectral weapons (Zot:2)
  12 starspawn tentacles (WizLab)
  5 tentacles
2395 creatures vanquished.

Vanquished Creatures (others)
  A deep elf elementalist (Elf:1)
  A curse skull (Crypt:2)
  A purple draconian (Zot:5)
  A deep troll (Vaults:2)
  2 deep elf pyromancers
  A manticore (Shoals:4)
  A black mamba (Snake:4)
  A guardian serpent (Snake:4)
  A yaktaur (Vaults:2)
  An orc warrior (Vaults:5)
  10 starspawn tentacles (WizLab)
  8 tentacles
29 creatures vanquished.

Grand Total: 2424 creatures vanquished

Notes
Turn   | Place    | Note
-------+----------+-------------------------------------------
     0 | D:1      | James the Demonspawn Gladiator began the quest for the Orb.
     0 | D:1      | Reached XP level 1. HP: 16/16 MP: 1/1
   106 | D:1      | Gained mutation: You have sharp fingernails. [demonic
                  | ancestry]
   106 | D:1      | Reached XP level 2. HP: 22/22 MP: 2/2
   516 | D:1      | Gained mutation: You are partially covered in sharp spines.
                  | [demonic ancestry]
   516 | D:1      | Reached XP level 3. HP: 27/27 MP: 3/3
  1488 | D:2      | Noticed Jessica
  1493 | D:2      | Killed Jessica
  1494 | D:2      | Reached XP level 4. HP: 32/33 MP: 4/4
  1558 | D:2      | Found a stormy altar of Qazlal.
  1783 | D:2      | Became a worshipper of Qazlal Stormbringer
  2022 | D:3      | Reached skill level 5 in Long Blades
  2035 | D:3      | Identified the +10 hand axe of Insufficient Pleasure
                  | {speed, rF+ rC++}
  2374 | D:3      | Gained mutation: You are partially covered in slimy green
                  | scales. (AC +2) [demonic ancestry]
  2374 | D:3      | Reached XP level 5. HP: 37/38 MP: 5/5
  2619 | D:3      | Reached * piety under Qazlal
  2849 | D:4      | Reached skill level 1 in Armour
  2963 | D:4      | Gained mutation: You are mostly covered in slimy green
                  | scales. (AC +3) [demonic ancestry]
  2963 | D:4      | Reached XP level 6. HP: 47/47 MP: 6/6
  3007 | D:4      | Found Zyle's Antique Weapon Shoppe.
  3152 | D:4      | Found a sacrificial altar of Ru.
  3152 | D:4      | Found a sparkling altar of Nemelex Xobeh.
  3454 | D:5      | Entered Level 5 of the Dungeon
  3682 | D:5      | Noticed Edmund
  3700 | D:5      | Killed Edmund
  3701 | D:5      | Gained mutation: Your demonic aura sometimes causes spilled
                  | blood to erupt in flames. [demonic ancestry]
  3701 | D:5      | Reached XP level 7. HP: 43/53 MP: 7/7
  3738 | D:5      | Noticed Blork the orc
  3753 | D:5      | Killed Blork the orc
  3918 | D:5      | Found a stormy altar of Qazlal.
  3920 | D:5      | Noticed a fire elemental
  3920 | D:5      | Noticed an air elemental
  3920 | D:5      | Noticed a water elemental
  4131 | D:5      | Noticed Grinder
  4138 | D:5      | Killed Grinder
  4358 | D:6      | Reached skill level 5 in Fighting
  4358 | D:6      | Reached skill level 5 in Dodging
  4358 | D:6      | Gained mutation: You are mostly covered in sharp spines.
                  | [demonic ancestry]
  4358 | D:6      | Reached XP level 8. HP: 62/62 MP: 8/8
  4638 | D:6      | Reached ** piety under Qazlal
  4686 | D:6      | Found a staircase to the Ecumenical Temple.
  4694 | Temple   | Entered the Ecumenical Temple
  4977 | D:7      | Reached skill level 1 in Invocations
  5017 | D:7      | Reached skill level 2 in Invocations
  5039 | D:7      | You fall into a shaft and drop 2 floors!
  5060 | D:9      | Reached skill level 5 in Armour
  5140 | D:9      | Reached skill level 3 in Invocations
  5187 | D:9      | Noticed a hornet
  5191 | D:9      | Killed a hornet
  5192 | D:9      | Gained mutation: You are completely covered in slimy green
                  | scales. (AC +4, rPois) [demonic ancestry]
  5192 | D:9      | Reached XP level 9. HP: 46/71 MP: 11/11
  5199 | D:9      | Reached skill level 4 in Invocations
  5259 | D:9      | Noticed a boulder beetle
  5266 | D:9      | Killed a boulder beetle
  5267 | D:9      | Reached skill level 5 in Invocations
  5273 | D:9      | Reached skill level 6 in Invocations
  5364 | D:9      | Noticed a two-headed ogre
  5377 | D:9      | Killed a two-headed ogre
  5378 | D:9      | Gained mutation: You have very sharp fingernails. [demonic
                  | ancestry]
  5378 | D:9      | Reached XP level 10. HP: 59/80 MP: 14/14
  5409 | D:9      | Noticed an eight-headed hydra
  5411 | D:9      | Killed an eight-headed hydra
  5412 | D:9      | Reached skill level 7 in Invocations
  5435 | D:9      | Noticed a cyclops
  5443 | D:9      | Killed a cyclops
  5469 | D:9      | Reached *** piety under Qazlal
  5594 | D:7      | Noticed Joseph
  5606 | D:7      | Killed Joseph
  5607 | D:7      | Reached skill level 8 in Invocations
  6884 | D:9      | Noticed a tengu warrior
  6885 | D:9      | Noticed a deep elf pyromancer
  6897 | D:9      | Killed a deep elf pyromancer
  6898 | D:9      | Gained mutation: Your demonic aura often causes spilled
                  | blood to erupt in flames. [demonic ancestry]
  6898 | D:9      | Reached XP level 11. HP: 31/89 MP: 17/17
  6899 | D:9      | Killed a tengu warrior
  6900 | D:9      | Reached skill level 9 in Invocations
  6902 | D:9      | Reached **** piety under Qazlal
  7792 | D:10     | Entered Level 10 of the Dungeon
  7811 | D:10     | Reached skill level 1 in Shields
  7839 | D:10     | Found a portal to a secret trove of treasure.
  7918 | D:10     | Noticed a two-headed ogre
  7927 | D:10     | Killed a two-headed ogre
  8163 | D:10     | Noticed Maurice
  8167 | D:10     | Maurice stole 6 boomerangs
  8169 | D:10     | Killed Maurice
  8225 | D:10     | Found a shimmering altar of Xom.
  8323 | D:10     | Reached skill level 5 in Shields
  8703 | D:11     | Found a staircase to the Lair.
  8833 | D:11     | Noticed a centaur warrior
  8845 | D:11     | Killed a centaur warrior
  9100 | D:11     | Gained mutation: Your presence sometimes corrodes those you
                  | injure. [demonic ancestry]
  9100 | D:11     | Reached XP level 12. HP: 95/95 MP: 18/18
  9115 | D:11     | Found a staircase to the Orcish Mines.
  9294 | D:11     | Found a runed translucent door.
  9296 | D:11     | Noticed mrks's ghost (journeyman VSFi)
  9296 | D:11     | Noticed a centaur warrior
  9587 | Lair:1   | Entered Level 1 of the Lair of Beasts
  9590 | Lair:1   | Reached skill level 1 in Axes
  9612 | Lair:1   | Found a gate leading to a gauntlet.
  9629 | Gauntlet | Entered a Gauntlet
  9629 | Gauntlet | Found a transporter.
  9780 | Gauntlet | Found a transporter.
  9783 | Gauntlet | Found a transporter.
  9784 | Gauntlet | Found a transporter.
  9793 | Gauntlet | Found a transporter.
  9795 | Gauntlet | Found a transporter.
  9796 | Gauntlet | Found a transporter.
  9800 | Gauntlet | Noticed a catoblepas
  9806 | Gauntlet | Found a transporter.
  9808 | Gauntlet | Found a transporter.
  9809 | Gauntlet | Found a transporter.
  9816 | Gauntlet | Noticed a balrug
  9820 | Gauntlet | Found a transporter.
  9821 | Gauntlet | Found a transporter.
  9822 | Gauntlet | Found a transporter.
  9825 | Gauntlet | Found a runed translucent door.
  9825 | Gauntlet | Found a runed translucent door.
  9829 | Gauntlet | Found a transporter.
  9922 | Gauntlet | Gained mutation: Your spells are a little easier to cast,
                  | but a little less powerful. [a neqoxec]
 10009 | Gauntlet | Identified the +1 scale mail of Grace {Str+6 Int-5}
 10068 | Gauntlet | Killed a catoblepas
 10181 | Gauntlet | Killed a balrug
 10188 | Gauntlet | Identified the ring of the Raven {rF+ rN+}
 10366 | Gauntlet | Gained mutation: You are agile. (Dex +4, Str/Int -1) [a
                  | neqoxec]
 10442 | Gauntlet | Identified the ring "Xazar" {Fire rElec rPois}
 10457 | Gauntlet | Found the +0 mask of the Dragon {Will+ Slay+3 SInv}
 10457 | Gauntlet | Identified the +7 bardiche of Imminent Death {flame, rC-
                  | Str+3 Int-4 Dex+6}
 10457 | Gauntlet | Identified the +5 plate armour of the Swamp {rF+ Int+3
                  | SInv}
 10457 | Gauntlet | Identified the ring of Sovereignty {rF+ rC+ rN+ Int+3}
 10457 | Gauntlet | Noticed a minotaur
 10473 | Gauntlet | Killed a minotaur
 10474 | Gauntlet | Reached skill level 5 in Axes
 10659 | Gauntlet | Identified the ring "Cyhuf" {rN+ Will+}
 10666 | Gauntlet | Got the Almanac of the Beaker and Beguiling
 10862 | Lair:1   | Reached ***** piety under Qazlal
 11319 | Lair:2   | Identified the +2 robe of Lust {Rampage Int+3 Stlth-}
 11355 | Lair:2   | Noticed Erica
 11357 | Lair:2   | Reached skill level 10 in Shields
 11361 | Lair:2   | Killed Erica
 11940 | Lair:2   | Gained mutation: You have claws for hands. [demonic
                  | ancestry]
 11940 | Lair:2   | Reached XP level 13. HP: 101/101 MP: 19/19
 12126 | Lair:3   | Found a staircase to the Shoals.
 12313 | Lair:3   | Found a staircase to the Snake Pit.
 13451 | Lair:4   | Found a staircase to the Slime Pits.
 14025 | Lair:5   | Entered Level 5 of the Lair of Beasts
 14045 | Lair:5   | Reached skill level 10 in Axes
 14058 | Lair:5   | Noticed Urug
 14262 | Lair:5   | Killed Urug
 14421 | Lair:5   | Reached ****** piety under Qazlal
 14765 | Lair:5   | Reached XP level 14. HP: 96/108 MP: 20/20
 14933 | Lair:5   | Identified the amulet of Taddaqa {Acrobat rPois Regen+
                  | Dex+4}
 16168 | D:12     | Noticed Rupert
 16185 | D:12     | Killed Rupert
 16794 | Orc:1    | Entered Level 1 of the Orcish Mines
 17155 | Orc:2    | Entered Level 2 of the Orcish Mines
 17291 | Orc:2    | Noticed an orc warlord
 17312 | Orc:2    | Killed an orc warlord
 17313 | Orc:2    | Reached skill level 10 in Invocations
 17318 | Orc:2    | Noticed a stone giant
 17320 | Orc:2    | Found Adueronaqo's Magic Scroll Shoppe.
 17331 | Orc:2    | Killed a stone giant
 17350 | Orc:2    | Reached skill level 10 in Fighting
 17375 | Orc:2    | Found Yritaes's Armour Shoppe.
 17377 | Orc:2    | Found Qaschaghi's Book Shoppe.
 17459 | Orc:2    | Found Otsuevaf's Distillery.
 17754 | Orc:2    | Found a staircase to the Elven Halls.
 18270 | Orc:2    | Bought a potion of might for 48 gold pieces
 18270 | Orc:2    | Bought a potion of curing for 36 gold pieces
 18270 | Orc:2    | Bought a potion of curing for 36 gold pieces
 18270 | Orc:2    | Bought a potion of might for 48 gold pieces
 18270 | Orc:2    | Bought a potion of curing for 36 gold pieces
 18270 | Orc:2    | Bought a potion of resistance for 120 gold pieces
 18270 | Orc:2    | Bought a potion of resistance for 120 gold pieces
 18794 | D:13     | Gained mutation: Your presence sometimes corrodes or
                  | deforms those you injure. [demonic ancestry]
 18794 | D:13     | Reached XP level 15. HP: 110/115 MP: 22/22
 19530 | D:14     | Reached skill level 10 in Armour
 19576 | D:14     | Found a gate to the Vaults.
 19998 | D:14     | Found a bloodstained altar of Trog.
 20417 | D:14     | Found a shadowy altar of Dithmenos.
 20590 | D:15     | Entered Level 15 of the Dungeon
 21523 | D:15     | Found a staircase to the Depths.
 21525 | D:15     | Identified a scroll of acquirement
 21878 | Snake:1  | Entered Level 1 of the Snake Pit
 22533 | Snake:1  | Gained mutation: Your demonic aura causes all spilled blood
                  | to erupt in flames. [demonic ancestry]
 22533 | Snake:1  | Reached XP level 16. HP: 89/122 MP: 23/23
 22876 | Snake:2  | Identified the serpent talisman "Jaz Huajo" {rC+}
 22876 | Snake:2  | Noticed Aizul
 22885 | Snake:2  | Killed Aizul
 23970 | Snake:3  | Found Quzius's Book Emporium.
 23975 | Snake:3  | Found Zyarureg's Weapon Boutique.
 24030 | Snake:3  | Found Bupetig's Magic Scroll Shoppe.
 24223 | Snake:3  | Found Geqarhen's Antique Weapon Emporium.
 24226 | Snake:3  | Found Iraapp's Armour Emporium.
 24231 | Snake:3  | Found Joveryp's Antique Armour Shoppe.
 24279 | Snake:3  | Found Naycuf's Distillery.
 24524 | Snake:3  | Bought a scroll of blinking for 142 gold pieces
 24543 | Snake:4  | Entered Level 4 of the Snake Pit
 25047 | Snake:4  | Identified the +7 scimitar of the Bouncing Runes {spect,
                  | Dex+3}
 25409 | Snake:4  | Reached XP level 17. HP: 130/130 MP: 24/24
 25570 | Snake:4  | Reached skill level 10 in Dodging
 25844 | Snake:4  | Got a serpentine rune of Zot
 26007 | Shoals:1 | Entered Level 1 of the Shoals
 26402 | Shoals:1 | Reached skill level 15 in Armour
 26402 | Shoals:1 | Reached skill level 15 in Shields
 26515 | Shoals:1 | Noticed a kraken
 26525 | Shoals:1 | Killed a kraken
 28302 | Shoals:3 | Found Gaenonk's Gadget Gallery.
 28513 | Shoals:4 | Entered Level 4 of the Shoals
 28587 | Shoals:4 | Noticed a kraken
 28606 | Shoals:4 | Killed a kraken
 28679 | Shoals:4 | Reached XP level 18. HP: 142/142 MP: 25/25
 29145 | Shoals:4 | Got a barnacled rune of Zot
 29147 | Shoals:4 | Identified the amulet "Jyam" {RegenMP Str+3}
 29668 | Elf:1    | Entered Level 1 of the Elven Halls
 29902 | Elf:1    | Found Ficuffek's General Store.
 29904 | Elf:1    | Found Pucuplext's Weapon Shop.
 29904 | Elf:1    | Found Gaklemne's Antique Armour Shop.
 29910 | Elf:1    | Found Astrall's Antique Weapon Shop.
 30354 | Elf:1    | Got the Octavo of Misfortune
 30723 | Elf:2    | Paralysed by an air elemental for 1 turns
 30727 | Elf:2    | Paralysed by an air elemental for 1 turns
 30845 | Elf:2    | Found a runed translucent gate.
 30845 | Elf:2    | Found a runed translucent gate.
 30845 | Elf:2    | Found a runed translucent gate.
 30877 | Elf:2    | Found a runed translucent door.
 31001 | Elf:2    | Found Rawk's Jewellery Shop.
 31208 | Elf:2    | Reached XP level 19. HP: 62/152 MP: 17/26
 31615 | Elf:3    | Entered Level 3 of the Elven Halls
 31912 | Elf:3    | Found Uluxkior's Weapon Shop.
 31938 | Elf:3    | Paralysed by an air elemental for 1 turns
 31995 | Elf:3    | Found Ked Porost's Book Emporium.
 32338 | Elf:3    | Noticed a Brimstone Fiend
 32834 | Elf:3    | Found a runed translucent gate.
 32834 | Elf:3    | Found a runed translucent gate.
 32834 | Elf:3    | Found a runed translucent gate.
 32912 | Elf:3    | Identified the +6 war axe of Ambiguity {antimagic, ^Contam
                  | Str+8 Dex+2}
 33022 | Elf:3    | Identified the +1 great mace "Earthworm" {flame, rC+ Int+4}
 33030 | Elf:3    | Identified the +3 long sword of the Endless March {pain,
                  | rElec rC- rCorr}
 33056 | Elf:3    | Identified the +2 arbalest "Ezxodinnitus" {freeze, Dex+2}
 33067 | Elf:3    | Identified the staff of the Manifold Knives {^Contam rElec
                  | Str+5 Air Earth}
 33194 | Elf:3    | Got the Codex of Misfortune and Oromancy
 33203 | Elf:3    | Got the Excursus on Blows
 33204 | Elf:3    | Identified the staff of Vehumet {rElec rC+ Int+6 Stlth-
                  | Ice}
 33585 | Elf:3    | Found Uluxkior's Weapon Shop.
 33627 | Elf:3    | Found Ked Porost's Book Emporium.
 33909 | Elf:3    | Found a runed translucent gate.
 33909 | Elf:3    | Found a runed translucent gate.
 33913 | Elf:3    | Found a runed translucent gate.
 34450 | Vaults:1 | Entered Level 1 of the Vaults
 35434 | Vaults:1 | Reached skill level 15 in Fighting
 35446 | Vaults:1 | Identified the orb "Waasuhank" {light, Fly Str+5 Stlth-}
 35767 | Vaults:1 | Found Getakk's Magic Scroll Boutique.
 36008 | Vaults:1 | Acquired a manual of Fighting
 36040 | Vaults:2 | Reached XP level 20. HP: 153/164 MP: 27/27
 37167 | Vaults:2 | Reached skill level 11 in Invocations
 37306 | Vaults:2 | Found Gienwyr's General Store.
 38183 | Vaults:3 | Reached XP level 21. HP: 120/189 MP: 29/29
 38427 | Vaults:3 | Found Heon's Magic Scroll Shop.
 38835 | Vaults:3 | Found a staircase to the Crypt.
 39116 | Vaults:4 | Found a magical portal.
 39127 | WizLab   | Entered Lehudib's Moon Base
 39356 | WizLab   | Reached skill level 15 in Axes
 39857 | WizLab   | Identified the ring "Yvungog" {Will+ Str+2}
 39896 | WizLab   | Gained mutation: Your body sometimes deteriorates upon
                  | taking damage. [a cacodemon]
 39950 | WizLab   | Found a transporter.
 39995 | WizLab   | Identified the ring "Heym" {MP+9 Int+4}
 40164 | WizLab   | Found a transporter.
 40427 | WizLab   | Got Lehudib's Catalogue of Terrain and Locality
 40545 | Vaults:4 | Gained mutation: Your magical capacity is low. (-10% MP) [a
                  | shining eye]
 40725 | Vaults:4 | Identified the +2 robe of the Stone Wall {Int+2 Slay+3
                  | Archmagi}
 41052 | Vaults:4 | Found Ughogiec's Jewellery Boutique.
 41505 | Vaults:3 | Bought a scroll of acquirement for 676 gold pieces
 41505 | Vaults:3 | Acquired a +2 broad axe of freezing
 41722 | Elf:1    | Bought a transparent plate armour for 952 gold pieces
 41722 | Elf:1    | Identified the +0 plate armour of Discretion {Fly Int+2}
                  | (You bought it in a shop on level 1 of the Elven Halls)
 41896 | Depths:1 | Entered Level 1 of the Depths
 42029 | Depths:1 | Noticed Asterion
 42031 | Depths:1 | Reached XP level 22. HP: 198/198 MP: 27/27
 42040 | Depths:1 | Killed Asterion
 42167 | Depths:1 | Noticed Saint Roka
 42184 | Depths:1 | Killed Saint Roka
 42507 | Depths:1 | Found a one-way gate leading to the halls of Pandemonium.
 42654 | Depths:1 | Found a gateway to Hell.
 43315 | Depths:2 | Noticed Grunn
 43345 | Depths:2 | Killed Grunn
 43518 | Depths:2 | Found a one-way gate to the infinite horrors of the Abyss.
 43633 | Depths:2 | Found Inegucoa's Self-Improvement Boutique.
 43869 | Depths:3 | Noticed Jory
 43886 | Depths:3 | Killed Jory
 44235 | Depths:3 | Reached skill level 12 in Invocations
 44415 | Depths:3 | Reached skill level 13 in Invocations
 44426 | Depths:3 | Found an ancient bone altar of Kikubaaqudgha.
 44588 | Depths:3 | Reached skill level 14 in Invocations
 44940 | Depths:3 | Reached skill level 15 in Invocations
 44940 | Depths:3 | Reached XP level 23. HP: 105/201 MP: 30/30
 45141 | Depths:3 | Got the Reference Book on Attacks
 45150 | Depths:3 | Got Vuofyvof's Atlas of Vile Beguiling
 45403 | Depths:3 | Reached skill level 16 in Invocations
 45415 | Depths:3 | Noticed the Enchantress
 45426 | Depths:3 | Killed the Enchantress
 45663 | Depths:3 | Reached skill level 17 in Invocations
 45669 | Depths:3 | Found Big Baal Hell's Store.
 45828 | Depths:3 | Found Kakobiru's Weapon Boutique.
 45865 | Depths:3 | Found Rathreosio's Jewellery Shop.
 45866 | Depths:3 | Found Cavah's Book Emporium.
 45867 | Depths:3 | Found Genu's Jewellery Shop.
 45936 | Depths:4 | Entered Level 4 of the Depths
 45944 | Depths:4 | Identified the orb of Music {*channel, Dex+4}
 45944 | Depths:4 | Noticed Frederick
 45951 | Depths:4 | Killed Frederick
 46004 | Depths:4 | Reached skill level 18 in Invocations
 46526 | Depths:4 | Found Zafeoc's Assorted Antiques.
 46589 | Depths:4 | Found a one-way gateway to a ziggurat.
 46697 | Depths:4 | Found a gate to the Realm of Zot.
 46816 | Depths:4 | Reached skill level 19 in Invocations
 47171 | Depths:4 | Noticed a caustic shrike
 47171 | Depths:4 | Noticed a caustic shrike
 47171 | Depths:4 | Noticed a caustic shrike
 47171 | Depths:4 | Noticed a caustic shrike
 47172 | Depths:4 | Noticed a caustic shrike
 47179 | Depths:4 | Killed a caustic shrike
 47182 | Depths:4 | Killed a caustic shrike
 47183 | Depths:4 | Killed a caustic shrike
 47187 | Depths:4 | Killed a caustic shrike
 47188 | Depths:4 | Reached skill level 20 in Invocations
 47191 | Depths:4 | Killed a caustic shrike
 47743 | Vaults:5 | Entered Level 5 of the Vaults
 47758 | Vaults:5 | Reached skill level 21 in Invocations
 47789 | Vaults:5 | Identified the ring of Wyuffa {rElec rPois Will+ Str-5
                  | Dex-3}
 47791 | Vaults:5 | Reached skill level 22 in Invocations
 47902 | Vaults:5 | Gained mutation: You are completely covered in sharp
                  | spines. [demonic ancestry]
 47902 | Vaults:5 | Reached XP level 24. HP: 143/212 MP: 26/34
 48000 | Vaults:5 | Reached skill level 23 in Invocations
 48011 | Vaults:5 | Noticed a dread lich
 48025 | Vaults:5 | Killed a dread lich
 48028 | Vaults:5 | Reached skill level 24 in Invocations
 48301 | Vaults:5 | Identified the amulet "Uleaph" {Faith ^Drain rF+ Slay+2}
 48414 | Vaults:5 | Got a silver rune of Zot
 48528 | Vaults:5 | Identified the ring of Xuggoir {Fire Str+2}
 48541 | Vaults:5 | Identified the +4 long sword of the Disbelieving Gods
                  | {freeze, rElec Int+8 Dex-5}
 48609 | Vaults:5 | Identified the +7 broad axe of Niemiuk {spect, rF+}
 48789 | Vaults:5 | Identified the +6 quarterstaff "Riduaz" {drain, rF+ Will+}
 48881 | Vaults:5 | Identified the +8 short sword "Imofumah" {flame, rN+ Str+7
                  | Dex-2}
 48914 | Vaults:5 | Noticed an ancient lich
 48933 | Vaults:5 | Killed an ancient lich
 48934 | Vaults:5 | Reached skill level 25 in Invocations
 49452 | Vaults:2 | Bought a scroll of blinking for 105 gold pieces
 49547 | Vaults:1 | Bought a scroll of blinking for 150 gold pieces
 49624 | Crypt:1  | Entered Level 1 of the Crypt
 50039 | Crypt:1  | Noticed Bai Suzhen
 50055 | Crypt:1  | Killed Bai Suzhen
 50112 | Crypt:1  | Got the Volume of Lava
 50685 | Crypt:2  | Noticed Xtahua
 50687 | Crypt:2  | Identified the ring "Rekar" {Ice Str+4}
 50687 | Crypt:2  | Noticed Josephina
 50694 | Crypt:2  | Killed Josephina
 50694 | Crypt:2  | Killed Xtahua
 51032 | Vaults:2 | Bought a scroll of enchant armour for 105 gold pieces
 51260 | Elf:1    | Bought a scroll of enchant armour for 97 gold pieces
 51260 | Elf:1    | Bought a scroll of revelation for 97 gold pieces
 51364 | Orc:2    | Bought a scroll of enchant armour for 135 gold pieces
 51364 | Orc:2    | Bought a scroll of enchant armour for 135 gold pieces
 51364 | Orc:2    | Bought a scroll of teleportation for 54 gold pieces
 51826 | Crypt:2  | Noticed Donald
 51838 | Crypt:2  | Killed Donald
 52097 | Crypt:3  | Entered Level 3 of the Crypt
 52119 | Crypt:3  | Noticed Zenata
 52160 | Crypt:3  | Gained mutation: You can speak a Word of Chaos. [demonic
                  | ancestry]
 52160 | Crypt:3  | Reached XP level 25. HP: 128/219 MP: 35/35
 52163 | Crypt:3  | Killed Zenata
 52468 | Crypt:3  | Noticed an ancient lich
 52483 | Crypt:3  | Killed an ancient lich
 52701 | Crypt:3  | Got the Volume of Skeletons
 52906 | Crypt:3  | Noticed a dread lich
 52906 | Crypt:3  | Noticed an ancient lich
 52967 | Crypt:3  | Noticed Margery
 52995 | Crypt:3  | Killed Margery
 53000 | Crypt:3  | Killed the ghostly Margery
 53141 | Crypt:3  | Found a staircase to the Tomb.
 53403 | Crypt:3  | Killed an ancient lich
 53404 | Crypt:3  | Killed a dread lich
 53411 | Crypt:3  | Identified the staff "Efeivu" {rF+ rC+ Dex+3 Fire}
 53415 | Crypt:3  | Noticed a dread lich
 53415 | Crypt:3  | Noticed an ancient lich
 53417 | Crypt:3  | Identified the amulet "Wuschehav" {Spirit -Tele rF+ Regen+
                  | Int+4}
 53418 | Crypt:3  | Identified the amulet of the Oracle {Reflect -Tele Int+6
                  | SH+5 SInv}
 53421 | Crypt:3  | Killed an ancient lich
 53432 | Crypt:3  | Killed a dread lich
 53564 | Crypt:3  | Got Qott's Writings on Felsic Breath
 53587 | Crypt:3  | Identified the +4 great mace "Zaonah" {flame, rElec Str+2}
 53981 | Zot:1    | Entered Level 1 of the Realm of Zot
 54296 | Zot:1    | Found an iron altar of Okawaru.
 54489 | Zot:1    | Found a bloodstained altar of Trog.
 55400 | Zot:2    | Noticed a Killer Klown
 55412 | Zot:2    | Killed a Killer Klown
 55473 | Zot:2    | Reached XP level 26. HP: 209/226 MP: 35/35
 55508 | Zot:2    | Reached skill level 15 in Dodging
 57196 | Zot:3    | Identified the staff "Lazoyd" {rPois rN+ Stlth+ Necro}
 57542 | Zot:4    | Found a transporter.
 57729 | Zot:4    | Found a transporter.
 57735 | Zot:4    | Found a transporter.
 58122 | Zot:4    | Found a transporter.
 58373 | Zot:5    | Entered Level 5 of the Realm of Zot
 58809 | Zot:5    | Found a transporter.
 58821 | Zot:5    | Found a transporter.
 58918 | Zot:5    | Found a transporter.
 58919 | Zot:5    | Found a transporter.
 59692 | Zot:5    | Noticed a dread lich
 59694 | Zot:5    | Noticed an orb of fire
 59696 | Zot:5    | Noticed an ancient lich
 59699 | Zot:5    | Noticed an orb of fire
 59704 | Zot:5    | Noticed a dread lich
 59706 | Zot:5    | Killed a dread lich
 59710 | Zot:5    | Killed an orb of fire
 59710 | Zot:5    | Killed an ancient lich
 59711 | Zot:5    | Lost mutation: You are agile. (Dex +4, Str/Int -1) [an orb
                  | of fire]
 59714 | Zot:5    | Reached XP level 27. HP: 27/233 MP: 28/35
 59714 | Zot:5    | HP: 4/233 [orb of fire/fireball (23)]
 59718 | Zot:5    | Gained mutation: Your health recovers twice as slowly from
                  | being drained. [an orb of fire]
 59719 | Zot:5    | Killed an orb of fire
 59719 | Zot:5    | Noticed a dread lich
 59856 | Zot:4    | Lost mutation: Your health recovers twice as slowly from
                  | being drained. [potion of mutation]
 59856 | Zot:4    | Lost mutation: Your body sometimes deteriorates upon taking
                  | damage. [potion of mutation]
 59856 | Zot:4    | Lost mutation: Your spells are a little easier to cast, but
                  | a little less powerful. [potion of mutation]
 59856 | Zot:4    | Gained mutation: Your spells are a little easier to cast,
                  | but a little less powerful. [potion of mutation]
 59856 | Zot:4    | Lost mutation: Your spells are a little easier to cast, but
                  | a little less powerful. [potion of mutation]
 59856 | Zot:4    | Gained mutation: You are somewhat resistant to further
                  | mutation. [potion of mutation]
 59877 | Zot:5    | Killed a dread lich
 59887 | Zot:5    | Killed a dread lich
 60174 | Zot:5    | Found a transporter.
 60174 | Zot:5    | Found a transporter.
 60176 | Zot:5    | Found a transporter.
 60226 | Zot:5    | Found a transporter.
 60312 | Zot:5    | Gained mutation: You are weak. (Str -2) [mutagenic glow]
 60421 | Zot:5    | Lost mutation: You are weak. (Str -2) [potion of mutation]
 60421 | Zot:5    | Lost mutation: You are somewhat resistant to further
                  | mutation. [potion of mutation]
 60421 | Zot:5    | Gained mutation: You have a pair of small horns on your
                  | head. [potion of mutation]
 60421 | Zot:5    | Gained mutation: You sometimes lose your temper in combat.
                  | [potion of mutation]
 60421 | Zot:5    | Lost mutation: You have a pair of small horns on your head.
                  | [potion of mutation]
 60421 | Zot:5    | Gained mutation: You have hidden genetic potential. [potion
                  | of mutation]
 60422 | Zot:5    | Lost mutation: You have hidden genetic potential. [potion
                  | of mutation]
 60422 | Zot:5    | Lost mutation: You sometimes lose your temper in combat.
                  | [potion of mutation]
 60422 | Zot:5    | Gained mutation: Your body sometimes deteriorates upon
                  | taking damage. [potion of mutation]
 60422 | Zot:5    | Gained mutation: Your muscles are strong. (Str +4, Int/Dex
                  | -1) [potion of mutation]
 60422 | Zot:5    | Gained mutation: Your mind is acute. (Int +4, Str/Dex -1)
                  | [potion of mutation]
 60422 | Zot:5    | Gained mutation: Your flesh is heat resistant. (rF+)
                  | [potion of mutation]
 60847 | Zot:5    | Got the Orb of Zot
 61204 | D:12     | Gained mutation: You occasionally shout uncontrollably at
                  | your foes. [a cacodemon]
 61298 | D:7      | Noticed Vuzam the pandemonium lord
 61446 | D:$      | Escaped with the Orb!

Illustrated notes

Levels and vault maps discovered:
D:1:      roderic_dead_forest, layout_loops_ring, minmay_misc_feat_five,
          minmay_cut_off
D:2:      layout_basic, basic_altar, uniq_jessica
D:3:      kennysheep_slugbush, layout_loops_corners
D:4:      layout_basic, gammafunk_temple_overflow_wave, serial_shops,
          nicolae_shop_behind_doors
D:5:      layout_gridville, nicolae_qazlal_style_of_elements, uniq_edmund,
          uniq_blork_the_orc, uniq_grinder
D:6:      layout_cave_pools, minmay_temple_entry_hall
D:7:      layout_rooms, uniq_joseph
D:8:      nicolae_cairo_tiling_very_big, layout_rooms
D:9:      layout_loops_cross, minmay_shattered_shrine
D:10:     layout_roguey [special_room_bee], mainiacjoe_overflow_catwalk,
          enter_trove_2, uniq_maurice
D:11:     layout_loops_ring, lair_entry_dummy, orc_0_dummy,
          ebering_ghost_inner_flame, minivault_25_ag, minmay_fractal_squares_5
D:12:     layout_stronghold, uniq_rupert
D:13:     layout_irregular_city, minmay_misc_feat_enclosed, minivault_27,
          nicolae_splish_splash
D:14:     layout_grid_maze, david_vaults_2,
          nicolae_dithmenos_through_a_glass_darkly, trog_butcher_becter
D:15:     hellmonk_depths_entry_around_the_bend, layout_gridville, minivault_24
Temple:   nicolae_temple_bog_church
Lair:1:   layout_big_grid, gauntlet_entry_generic
Lair:2:   layout_small_grid, serial_bayou_shore_b, lemuel_fruit_fields,
          uniq_erica
Lair:3:   layout_roguey, minmay_shoals_entry_lonely_mermaid,
          minmay_snake_entry_guardpost_small, serial_bayou_pond_e,
          grunt_megastairs_3
Lair:4:   layout_cave_pods, dpeg_slime_entry_enclosed
Lair:5:   grunt_lair_end_beastmaster, layout_gridlike, serial_bayou_shore_b,
          grunt_megastairs_2, uniq_urug
Shoals:1: layout_shoals
Shoals:2: layout_shoals, nicolae_tricolors
Shoals:3: layout_shoals, nicolae_shop_gadgets
Shoals:4: shoals_end_hellmonk_lost_city
Snake:1:  layout_layer_cave
Snake:2:  layout_grid_maze, uniq_aizul
Snake:3:  layout_basic, serial_shops, shop, nicolae_book_shop_shelving,
          nicolae_shop_just_a_little_nook, minmay_shoptagon
Snake:4:  grunt_snake_rune_serpentine_throne, layout_misc_corridors,
          nicolae_snake_shapes
Orc:1:    layout_caves
Orc:2:    hellmonk_orc_salted, layout_diamond_mine
Elf:1:    layout_gridlike, nicolae_elf_blasts_and_bolts,
          minmay_shop_grid_forest, hangedman_research_probablistics
Elf:2:    elven_hall_of_blades_hangedman_original [mumra_blade_entry_bloodbath],
          layout_gridlike, serial_shops, nicolae_shop_back_alley_shop,
          minivault_13
Elf:3:    minmay_elf_hall_not_hex, layout_geoelf_castle, serial_shops,
          nicolae_diamond_shop, nicolae_gammafunk_elf_defective_weapons_storage,
          minmay_shop_star
Vaults:1: hangedman_vaults_slice, vaults_mumra_bighexcomb, v_misc_22,
          grunt_vaults_swirl, dpeg_vaults_monster_row,
          nicolae_vaults_offset_grid_hallway_3, nicolae_vaults_two_Ls,
          vaults_room_stairs_pillars, nicolae_vaults_weapon_check,
          nicolae_vaults_trapezoid_lopsided_1, nicolae_vaults_apartment_1,
          layout_vaults_omnigrid, serial_shops, shop
Vaults:2: hangedman_vaults_stream, nicolae_vaults_arrows, nicolae_vaults_heist,
          nicolae_vaults_layer_cake_slice, vaults_dpeg_encased_lava,
          nicolae_vaults_alarming, blackcustard_rock_pile,
          nicolae_vaults_cornered_office, nicolae_vaults_ellipses_ellipsis,
          vaults_dpeg_ring, layout_vaults_omnibox, serial_shops, shop
Vaults:3: nicolae_vaults_apartment_1, nicolae_vaults_what_the_h,
          vaults_room_pools, minmay_crypt_entry_simple_sparse, v_misc_9,
          nicolae_vaults_network_periphery, nicolae_vaults_frosty_reception,
          v_misc_5, hangedman_vaults_cutoff, nicolae_vaults_house_1,
          nicolae_vaults_trapezoid_4, dpeg_vaults_hating_casters,
          layout_vaults_ring, serial_shops, nicolae_shop_rolled_up
Vaults:4: infiniplex_enter_wizlab_spiral, nicolae_vaults_storage_room_doors,
          vaults_mumra_lcd, nicolae_vaults_apartment_2, v_rooms_6,
          nicolae_vaults_loss_of_containment, hangedman_vaults_trim,
          ontoclasm_vaults_ring_square, nicolae_vaults_circle_grid_a,
          layout_vaults_omnicross, serial_shops, nicolae_shop_just_a_little_nook
Vaults:5: serial_shops
Crypt:1:  layout_regular_city, lemuel_nasty_fountain,
          grunt_crypt_arrival_guarded_gate, uniq_bai_suzhen
Crypt:2:  layout_misc_corridors, uniq_donald, uniq_josephina, uniq_xtahua
Crypt:3:  david_glass_crypt, layout_gridlike,
          nicolae_tomb_entry_unfolded_pyramid_orthogonal, special_room
          [special_room_morgue], nicolae_crypts_crumbling_nooks, uniq_zenata,
          uniq_margery
Depths:1: layout_basic, nicolae_figureground_sparkle, rand_demon_pan_entry_5,
          hell_entry, grunt_ministairs_9, nrook_mini_backslash,
          minmay_strange_pillars, bh_walls_and_bars, uniq_asterion,
          uniq_saint_roka
Depths:2: kennysheep_room_grid, layout_cave_pools, pan_entry,
          chequers_serial_rivers_micro_a, abyss_entry_crystal, hell_entry,
          nicolae_shop_self_help, uniq_grunn
Depths:3: evilmike_negative_zone, layout_small_grid, serial_shops,
          nicolae_shop_bloodbath_and_beyond, nicolae_hell_entry_big_baal_hell,
          abyss_entry, minmay_staircase_windowed_small, minmay_shop_grove,
          uniq_jory, uniq_enchantress
Depths:4: grunt_zot_entry_pinwheel, layout_gridlike, enter_ziggurat_d,
          interstate_on_off, serial_shops, nicolae_shop_rolling_square,
          hellmouth_3, uniq_frederick
Zot:1:    layout_gridlike, regret_index_zot_stipple_split, st_stairs_9,
          grunt_ministairs_3
Zot:2:    kennysheep_ambush_hall, layout_concentric_octagons
Zot:3:    gammafunk_mikee_crab_dinner, layout_onion_interference,
          skrybe_zot_glass_2
Zot:4:    layout_gridville, nicolae_transporter_intersection
Zot:5:    layout_cellular_growth, nicolae_diode_quadrants

Skill      XL: |  1  2  3  4  5  6  7  8  9 10 11 12 13 14 15 16 17 18 19 20 21 22 23 24 25 26 27 |
---------------+----------------------------------------------------------------------------------+-----
Long Blades    | 3 4 5 |  5.0
Throwing       | 2 |  2.0
Dodging        | 3 4 5 6 7 8 9 10 11 12 14 17 18 | 18.9
Armour         | 1 2 3 5 6 7 9 12 14 15 17 18 19 20 21 23 24 | 24.2
Fighting       | 3 5 6 7 9 10 12 14 15 22 | 22.7
Invocations    | 3 6 8 9 10 11 15 22 25 | 25.0
Shields        | 8 10 11 12 14 15 16 17 18 | 18.0
Axes           | 7 11 13 14 16 18 19 20 | 20.0

Action                     |  1- 3 |  4- 6 |  7- 9 | 10-12 | 13-15 | 16-18 | 19-21 | 22-24 | 25-27 || total
---------------------------+-------+-------+-------+-------+-------+-------+-------+-------+-------++-------
  Melee: Long sword        |   113 |    25 |       |       |       |       |       |       |       ||   138
         Punch             |     2 |     3 |       |     2 |       |       |       |       |       ||     7
         Hand axe          |       |    87 |   139 |   377 |   974 |  1101 |  1399 |       |       ||  4077
         Unarmed           |       |       |       |       |       |       |     9 |       |       ||     9
         Broad axe         |       |       |       |       |       |       |    53 |  1203 |   973 ||  2229
  Throw: Javelin           |       |     1 |       |       |       |       |       |       |       ||     1
 Invoke: Upheaval          |       |       |       |     1 |       |       |       |       |       ||     1
         Disaster Area     |       |       |       |       |       |     1 |       |     4 |     2 ||     7
  Evoke: Wand              |       |       |       |     1 |       |       |     1 |       |     3 ||     5
    Use: Scroll            |       |       |    10 |    17 |     7 |       |    10 |    10 |    14 ||    68
         Potion            |       |       |       |     1 |     1 |       |     1 |     5 |     7 ||    15
   Stab: Sleeping          |     3 |       |       |       |       |       |       |       |       ||     3
         Petrified         |       |       |       |       |     9 |       |       |       |       ||     9
         Petrifying        |       |       |       |       |     2 |       |       |       |       ||     2
 Armour: Leather armour    |    35 |       |       |       |       |       |       |       |       ||    35
         Ring mail         |    10 |     1 |       |       |       |       |       |       |       ||    11
         Robe              |       |    48 |    46 |   104 |       |       |       |       |       ||   198
         Scale mail        |       |       |       |    26 |       |       |       |       |       ||    26
         Plate armour      |       |       |       |    14 |   200 |   212 |   232 |   527 |       ||  1185
         Skin              |       |       |       |       |       |       |     6 |       |       ||     6
         Storm dragon scal |       |       |       |       |       |       |       |    31 |   557 ||   588
  Dodge: Dodged            |    83 |    31 |    53 |   182 |   123 |   207 |   247 |   309 |   553 ||  1788
         Repelled          |       |       |       |     1 |     8 |    24 |    13 |    16 |    41 ||   103
  Block: Other             |    17 |    23 |    43 |    46 |       |       |       |       |       ||   129
         Reflection        |       |     3 |     1 |     7 |    63 |   179 |   106 |    26 |    12 ||   397
         Kite shield       |       |       |       |   229 |   706 |   995 |   929 |  1485 |  1422 ||  5766
